 Dungeon Crawl Stone Soup version 0.30-a0-341-g682706514a (webtiles) character file.

Game seed: 7790142269826649613

315 Engwar the Firebug (level 6, -5/45 HPs)
             Began as a Draconian Fire Elementalist on Nov 2, 2022.
             Engulfed by a cloud of flame (13 damage)
             ... on level 3 of the Dungeon.
             The game lasted 00:11:05 (2263 turns).

Engwar the Firebug (Draconian Fire Elementalist)    Turns: 2263, Time: 00:11:05

Health: -5/45      AC:  7    Str: 11    XL:     6   Next: 19%
Magic:  11/11      EV: 11    Int: 17    God:
Gold:   172        SH:  7    Dex: 11    Spells: 4/11 levels left

rFire   . . .      SeeInvis .    p - staff of conjuration
rCold   . . .      Faith    .    b - +3 warlock's mirror {reflect}
rNeg    . . .      Spirit   .    (body armour unavailable)
rPois   .          Reflect  +    (helmet restricted)
rElec   .          Harm     .    (no cloak)
rCorr   .          Rampage  .    e - +0 pair of gloves
Will    .....                    (no boots)
Stlth   ++........               l - amulet of magic regeneration
HPRegen 0.27/turn                (no ring)
MPRegen 0.52/turn                (no ring)

@: no status effects
A: AC +6, unfitting armour, cold-blooded
a: no special abilities


You were on level 3 of the Dungeon.
You visited 1 branch of the dungeon, and saw 3 of its levels.

You collected 172 gold pieces.

Inventory:

Armour
 b - the +3 warlock's mirror (worn) {reflect}
   (You acquired it on level 3 of the Dungeon)

   It can block and reflect piercing ranged attacks and magical attacks against
   the wielder's willpower.
 e - a +0 pair of gloves (worn)
Magical Staves
 p - a staff of conjuration (weapon)
Jewellery
 l - an amulet of magic regeneration (around neck)
Wands
 d - a wand of polymorph (4)
Scrolls
 n - a scroll of magic mapping {unknown}
 o - a scroll of enchant armour {unknown}
 r - a scroll of poison {unknown}
 u - 2 scrolls of brand weapon {unknown}
Potions
 a - 2 potions of magic
 c - 4 potions of curing {unknown}
 f - a potion of degeneration {unknown}
 h - 2 potions of mutation {unknown}
 j - a potion of resistance {unknown}
 k - a potion of lignification {unknown}
 q - a potion of attraction {unknown}
 s - a potion of cancellation {unknown}
 t - a potion of ambrosia {unknown}


   Skills:
 - Level 1.7 Dodging
 - Level 1.7 Stealth
 + Level 2.2 Shields
 + Level 3.4 Spellcasting
 + Level 3.5 Conjurations
 + Level 4.4 Fire Magic


You had 4 spell levels left.
You knew the following spells:

 Your Spells              Type           Power      Damage    Failure   Level
a - Foxfire               Conj/Fire      96%        2x1d8     4%          1
b - Scorch                Fire           34%        2d7       5%          2
c - Flame Wave            Conj/Fire      24%        2d8       41%         4

Your spell library contained the following spells:

 Spells                   Type           Power      Damage    Failure   Level
 Inner Flame              Hex/Fire       10%        N/A       26%         3
 Kindle Blastsparks       Fire/Tloc/Air  14%        2d11      34%         3


Dungeon Overview and Level Annotations

Branches:
Dungeon (3/15)

Altars:
Cheibriados

Shops:
D:1 :


Innate Abilities, Weirdness & Mutations

Your plain brown scales are hard. (AC +6)
You cannot fit into any form of body armour.
You are cold-blooded and may be slowed by cold attacks.


Message History

The jackal is heavily wounded.
You block the jackal's attack. x2
You hit the jackal.
You kill the jackal!
Things that are here:
a jackal corpse; a jackal corpse; a jackal corpse
Found a club.
You see here a +0 club.
Found a dagger.
A white imp comes into view.
As you read the scroll labelled MICLIACH WEWY, it crumbles to dust.
The creatures around you are filled with an inner flame!
It was a scroll of immolation.
As you read the scroll labelled JYENAI YH WOW, it crumbles to dust.
It is a scroll of amnesia.
Really abort (and waste the scroll)? [Y]es or [N]o only, please.
Really abort (and waste the scroll)?
Okay, then.
Blink to where?
Press: ? - help, Dir - move target
As you read the scroll labelled AKONNU VUAT, it crumbles to dust.
It was a scroll of blinking.
The white imp shouts!
The white imp attacks as you move away! You block the white imp's attack.
Casting: Foxfire (safe; 4% risk of failure)
Confirm with . or Enter, or press ? or * to list all spells.
Flames lash the white imp but do no damage.
The white imp misses you.
You hit the white imp.
Flame seeps out of the white imp.
Your tail-slap misses the white imp.
The white imp is heavily wounded.
The white imp is engulfed in blazing flames.
The white imp explodes!
The fiery explosion engulfs you!!
Ouch! That really hurt!
You are engulfed in blazing flames.
* * * LOW HITPOINT WARNING * * *
You are engulfed in blazing flames.
You die...

#.### ## #.#.. ..
# #.#.###.###
#.####.#........
##......#..# .#
#.....>.#..# .#
..####.#).<##.# ..
#.#..## .# .#
#@#.÷###.## .#
#°#..##...##>#
#§#.)#.###.#.#
#)#....# #...#####
#.#.##.###.....(..
#.#.###...#.######
#.#.# ##.##.#
#.#.# #.##.#
#.#.####.##.######


There were no monsters in sight!

Vanquished Creatures
  Grinder (D:3)
  Terence (D:3)
  A white imp (D:3)
  A worm (D:2)
  3 dart slugs
  6 bats
  9 endoplasms
  3 giant cockroaches
  6 goblins
  4 hobgoblins (D:1)
  7 jackals (D:3)
  2 kobolds
  A quokka (D:1)
  8 ball pythons
  4 frilled lizards
  3 rats
60 creatures vanquished.

Vanquished Creatures (others)
  84 foxfires
84 creatures vanquished.

Grand Total: 144 creatures vanquished

Notes
Turn   | Place    | Note
-------+----------+-------------------------------------------
     0 | D:1      | Engwar the Draconian Fire Elementalist began the quest for
                  | the Orb.
     0 | D:1      | Reached XP level 1. HP: 14/14 MP: 3/3
   281 | D:1      | Reached XP level 2. HP: 20/20 MP: 1/5
   333 | D:1      | Learned a level 2 spell: Scorch
   364 | D:1      | Found Duimekyf's Vocational Training.
  1258 | D:2      | Found a faded altar of an unknown god.
  1297 | D:2      | Reached XP level 3. HP: 23/26 MP: 2/6
  1475 | D:2      | Found a snail-covered altar of Cheibriados.
  1847 | D:3      | Identified a scroll of acquirement
  1847 | D:3      | Acquired the +3 warlock's mirror {reflect}
  1847 | D:3      | Found the +3 warlock's mirror {reflect}
  1986 | D:3      | Noticed Grinder
  2001 | D:3      | Paralysed by Grinder for 5 turns
  2008 | D:3      | Killed Grinder
  2009 | D:3      | Reached skill level 4 in Fire Magic
  2009 | D:3      | Reached XP level 4. HP: 26/33 MP: 0/9
  2009 | D:3      | Reached XP level 5. HP: 30/38 MP: 0/10
  2009 | D:3      | Reached XP level 6. HP: 36/45 MP: 0/11
  2014 | D:3      | Learned a level 4 spell: Flame Wave
  2166 | D:3      | Noticed Terence
  2174 | D:3      | Killed Terence
  2263 | D:3      | Engulfed by a cloud of flame

Illustrated notes

Levels and vault maps discovered:
D:1:      spicycebolla_arrival_xxxplode, layout_basic,
          kennysheep_decorative_pillar, nicolae_shop_vocational
D:2:      layout_rooms, basic_altar, hellmonk_ecumenical_altar_crossroads
D:3:      layout_loops_ring, uniq_grinder, uniq_terence

Skill      XL: |  1  2  3 |
---------------+----------+-----
Conjurations   | 2 3 |  3.5
Shields        | 2 |  2.2
Spellcasting   | 3 |  3.4
Fire Magic     | 4 |  4.4
Dodging        | |  1.7
Stealth        | |  1.7

Action                   |  1- 3 |  4- 6 || total
-------------------------+-------+-------++-------
Melee: Staff             |     1 |    30 ||    31
       Tailslap          |       |     2 ||     2
 Cast: Foxfire           |    52 |     4 ||    56
       Scorch            |    17 |     5 ||    22
  Use: Scroll            |     2 |     3 ||     5
Armor: Skin              |     2 |     8 ||    10
Dodge: Dodged            |    16 |    17 ||    33
Block: Buckler           |     1 |    17 ||    18

Table legend: (Time is in decaauts)
 A = Elapsed time spent in this place.
 B = Non-inter-level travel time spent in this place.
 C = Inter-level travel time spent in this place.
 D = Time resting spent in this place.
 E = Time spent auto-exploring this place.
 F = Levels seen in this place.
 G = Mean time per level.
                   A        B        C        D        E       F      G
               +--------+--------+--------+--------+--------+-----+--------+
         Total |   2270 |   2216 |     54 |     97 |   1598 |   3 |  756.7 |
       Dungeon |   2270 |   2216 |     54 |     97 |   1598 |   3 |  756.7 |
               +--------+--------+--------+--------+--------+-----+--------+

Top non-repeatable levels by time:
     D:1: 1167 daAuts
     D:2: 644 daAuts
     D:3: 458 daAuts
